 Dungeon Crawl Stone Soup version 0.30-a0-457-g4b7bca3bfa (webtiles) character file.

Game seed: 7866462841832824752

52 Hubris850 the Shooter (level 3, -3/20 HPs)
             Began as a Tengu Hexslinger on Dec 12, 2022.
             Slain by an iguana (14 damage)
             ... on level 2 of the Dungeon.
             The game lasted 00:03:37 (1170 turns).

Hubris850 the Shooter (Tengu Hexslinger)            Turns: 1170, Time: 00:03:37

Health: -3/20      AC:  2    Str: 10    XL:     3   Next: 85%
Magic:  5/5        EV: 13    Int: 13    God:
Gold:   122        SH:  0    Dex: 16    Spells: 3/4 levels left

rFire   . . .      SeeInvis .    f - +3 sling
rCold   . . .      Faith    .    (no shield)
rNeg    . . .      Spirit   .    c - +0 robe
rPois   .          Reflect  .    (helmet restricted)
rElec   .          Harm     +    i - scarf {harm}
rCorr   .          Rampage  .    (no gloves)
Will    .....                    (boots unavailable)
Stlth   +.........               k - amulet of regeneration
HPRegen 1.03/turn                (no ring)
MPRegen 0.09/turn                (no ring)

@: attractive
A: beak, talons 3
a: no special abilities


You were on level 2 of the Dungeon.
You visited 1 branch of the dungeon, and saw 2 of its levels.

You collected 122 gold pieces.

Inventory:

Hand Weapons
 a - a +1 sling
 f - a +3 sling (weapon)
Armour
 c - a +0 robe (worn)
 g - a +0 buckler
 i - a scarf of harm (worn)
Magical Staves
 d - a staff of earth
Jewellery
 k - an amulet of regeneration (around neck)
Scrolls
 b - a scroll of poison
Potions
 j - a potion of berserk rage {unknown}
 l - a potion of might {unknown}


   Skills:
 - Level 1.0 Fighting
 + Level 3.6 Ranged Weapons
 - Level 3.4 Dodging
 - Level 1.0 Spellcasting
 - Level 2.1 Hexes


You had 3 spell levels left.
You knew the following spells:

 Your Spells              Type           Power      Damage    Failure   Level
a - Slow                  Hex            24%        N/A       12%         1

Your spell library contained the following spells:

 Spells                   Type           Power      Damage    Failure   Level
 Cigotuvi's Dreadful Rot  Necr/Pois/Air  0%         N/A       38%         2
 Poisonous Vapours        Pois/Air       0%         N/A       38%         2
 Inner Flame              Hex/Fire       3%         N/A       47%         3
 Portal Projectile        Hex/Tloc       6%         N/A       47%         3
 Mephitic Cloud           Conj/Pois/Air  0%         N/A       63%         3
 Cause Fear               Hex            3%         N/A       75%         4
 Passage of Golubria      Tloc           0%         N/A       95%         4
 Silence                  Hex/Air        1%         N/A       99%         5
 Lehudib's Crystal Spear  Conj/Erth      0%         10d2      100%        8


Dungeon Overview and Level Annotations

Branches:
Dungeon (2/15)

Altars:

Shops:
D:2 (


Innate Abilities, Weirdness & Mutations

You have a beak for a mouth.
You have claws for feet.


Message History

Okay, then.
It was a potion of attraction.
You feel attractive to monsters. The iguana completely misses you.
Fire: f) +3 sling
Press: ? - help, Q - select action, (/) - cycle Shift-Dir - straight line, f/p - iguana
Aim: an iguana (heavily wounded, 65% to hit)
You shoot a sling bullet.
The sling bullet hits the iguana but does no damage.
The iguana is heavily wounded.
The iguana bites you.
Fire: f) +3 sling
Press: ? - help, Q - select action, (/) - cycle Shift-Dir - straight line, f/p - iguana
Aim: an iguana (heavily wounded, 65% to hit)
You shoot a sling bullet. The sling bullet hits the iguana.
The iguana is heavily wounded.
The iguana barely misses you.
Fire: f) +3 sling
Press: ? - help, Q - select action, (/) - cycle Shift-Dir - straight line, f/p - iguana
Aim: an iguana (heavily wounded, 65% to hit)
You shoot a sling bullet.
The sling bullet hits the iguana but does no damage.
The iguana is heavily wounded.
The iguana bites you. The iguana misses you.
Fire: f) +3 sling
Press: ? - help, Q - select action, (/) - cycle Shift-Dir - straight line, f/p - iguana
Aim: an iguana (heavily wounded, 65% to hit)
You shoot a sling bullet. The sling bullet hits the iguana.
The iguana is almost dead.
The iguana bites you.
Fire: f) +3 sling
Press: ? - help, Q - select action, (/) - cycle Shift-Dir - straight line, f/p - iguana
Aim: an iguana (almost dead, 65% to hit)
You shoot a sling bullet.
The sling bullet closely misses the iguana.
The sling bullet closely misses the goblin.
The sling bullet barely misses the kobold.
The iguana bites you!
Ouch! That really hurt!
You die...

...)......# .$.
....##.....# ....
>... #.....# ....
.... #.<...# .....
...# #####.###
...gl# #.# #..)..#
......# #.# #.....#
#P..## #.#####.....#
#...###Kgl@.......#
#P#...#..#####.....#
#.#....## #.....#
#.#.#..## #######
#P#.#..# # #.#..#
#P#.## #K#.# .#..#


You could see an iguana, a goblin and a kobold.

Vanquished Creatures
  2 adders (D:2)
  3 bats
  2 endoplasms
  5 hobgoblins
  6 kobolds
  2 quokkas (D:1)
  6 ball pythons
  A frilled lizard (D:2)
  5 goblins
32 creatures vanquished.

Vanquished Creatures (others)
  2 fungi (D:2)
  3 plants (D:2)
5 creatures vanquished.

Grand Total: 37 creatures vanquished

Notes
Turn   | Place    | Note
-------+----------+-------------------------------------------
     0 | D:1      | Hubris850 the Tengu Hexslinger began the quest for the Orb.
     0 | D:1      | Reached XP level 1. HP: 12/12 MP: 3/3
   247 | D:1      | Reached XP level 2. HP: 16/16 MP: 4/4
   843 | D:2      | Reached XP level 3. HP: 4/20 MP: 5/5
  1018 | D:2      | Found Denoerch's Weapon Emporium.
  1170 | D:2      | Slain by an iguana

Illustrated notes

Levels and vault maps discovered:
D:1:      dpeg_arrival_windows_large_door, layout_loops_corners, st_stairs_3,
          minmay_domino_2
D:2:      layout_basic, serial_shops, shop, shapermc_ecumenical_altar_rom_forum

Skill      XL: |  1  2 |
---------------+-------+-----
Ranged Weapons | 3 |  3.6
Dodging        | 3 |  3.4
Fighting       | |  1.0
Spellcasting   | |  1.0
Hexes          | |  2.1

Action                   || total
-------------------------++-------
 Fire: Sling             ||    88
 Cast: Slow              ||     1
  Use: Potion            ||     3
Armor: Robe              ||     4
Dodge: Dodged            ||    31

Table legend: (Time is in decaauts)
 A = Elapsed time spent in this place.
 B = Non-inter-level travel time spent in this place.
 C = Inter-level travel time spent in this place.
 D = Time resting spent in this place.
 E = Time spent auto-exploring this place.
 F = Levels seen in this place.
 G = Mean time per level.
                   A        B        C        D        E       F      G
               +--------+--------+--------+--------+--------+-----+--------+
         Total |   1190 |   1144 |     46 |    103 |    826 |   2 |  595.0 |
       Dungeon |   1190 |   1144 |     46 |    103 |    826 |   2 |  595.0 |
               +--------+--------+--------+--------+--------+-----+--------+

Top non-repeatable levels by time:
     D:1: 826 daAuts
     D:2: 364 daAuts
